 Dungeon Crawl Stone Soup version 0.31-a0-988-g08d55dae12 (webtiles) character file.

Game seed: 9608290661167956751

1549 dsffdskdfgj the Cleaver (level 8, 0/71 HPs)
             Began as a Hill Orc Monk on Nov 5, 2023.
             Was a Believer of Qazlal.
             Killed from afar by Maggie (26 damage)
             ... with a bolt of fire
             ... on level 6 of the Dungeon.
             The game lasted 00:23:14 (4622 turns).

dsffdskdfgj the Cleaver (Hill Orc Monk)             Turns: 4622, Time: 00:23:14

Health: 0/71       AC: 13    Str: 16    XL:     8   Next: 87%
Magic:  8/8        EV:  8    Int: 10    God:    Qazlal [**....]
Gold:   377        SH:  8    Dex: 13    Spells: 7/7 levels left

rFire   . . .        B - +2 whip (flame)
rCold   . . .        d - orb {light}
rNeg    . . .        e - +3 chain mail
rPois   .            (no helmet)
rElec   .            (no cloak)
rCorr   .            (no gloves)
SInv    .            (no boots)
Will    .....        L - amulet of reflection Stlth
                     n - +4 ring of slaying
HPRegen 0.31/turn    (no ring)
MPRegen 0.11/turn

%: reflection
@: glowing
A: no striking features
a: Renounce Religion, Upheaval


You were on level 6 of the Dungeon.
You worshipped Qazlal.
Qazlal was pleased with you.
You visited 1 branch of the dungeon, and saw 6 of its levels.

You collected 377 gold pieces.

Inventory:

Hand Weapons
 a - a +0 long sword of holy wrath
 x - a +1 trident of protection
 B - a +2 whip of flaming (weapon)
 C - a +2 dagger of speed
 E - a +1 heavy hand axe
Missiles
 u - 49 stones
 y - 2 javelins
 z - a throwing net
 G - 4 poisoned darts (quivered)
Armour
 b - a +0 robe
 d - an orb of light (worn)
 e - a +3 chain mail (worn)
Jewellery
 n - a +4 ring of slaying (left hand)
 L - an amulet of reflection (around neck)
Talismans
 r - a flux talisman
Wands
 j - a wand of polymorph (7)
Scrolls
 g - a scroll of fear {unknown}
 k - a scroll of amnesia {unknown}
 m - a scroll of poison {unknown}
 p - a scroll of brand weapon
 t - a scroll of revelation {unknown}
 v - a scroll of teleportation {unknown}
 D - a scroll of vulnerability {unknown}
 H - a scroll of enchant weapon {unknown}
Potions
 c - a potion of ambrosia
 f - 3 potions of resistance
 h - 3 potions of lignification
 i - 2 potions of mutation {unknown}
 l - 2 potions of haste {unknown}
 o - 3 potions of brilliance
 q - 6 potions of curing
 s - a potion of might {unknown}
 w - a potion of enlightenment {unknown}
 A - 2 potions of berserk rage {unknown}
 F - a potion of magic {unknown}
 I - a potion of invisibility {unknown}
 J - a potion of cancellation {unknown}
 K - a potion of degeneration {unknown}


   Skills:
 + Level 6.7 Fighting
 + Level 8.5(9.0) Axes
 + Level 3.5(5.7) Maces & Flails
 + Level 1.8 Throwing
 + Level 5.7 Armour
 + Level 3.4 Dodging
 + Level 0.5 Stealth
 + Level 1.9 Shields


You had 7 spell levels left.
You didn't know any spells.
Your spell library contained the following spells:

 Spells                   Type           Power      Damage    Failure   Level
 Shock                    Conj/Air       0%         1d3       98%         1
 Ensorcelled Hibernation  Hex/Ice        0%         N/A       99%         2
 Jinxbite                 Hex            0%         N/A       99%         2
 Sublimation of Blood     Necr           0%         N/A       99%         2
 Wereblood                Tmut           0%         N/A       99%         2
 Swiftness                Air            0%         N/A       100%        3
 Airstrike                Air            0%         2d(0-16)  100%        4
 Anguish                  Hex/Necr       0%         N/A       100%        4
 Summon Hydra             Summ           0%         N/A       100%        7


Dungeon Overview and Level Annotations

Branches:
Dungeon (6/15)
 Temple: D:4-7

Altars:
Hepliaklqana
Kikubaaqudgha
Qazlal

Annotations:
D:6 Maggie


Message History

You start resting.
Maggie the Vainglorious comes into view.
She is wielding a +0 scimitar of distortion.
Maggie shouts!
Maggie mumbles some strange words.
Maggie attempts to bespell you!
You are mesmerised by Maggie!
Press: ? - help, v - describe, . - travel
Here: Maggie, wielding a +0 scimitar of distortion and wearing +0 steam dragon scales (mesmerising)
The floor.
You cannot move away from Maggie!
Maggie casts a spell at you.
You hear a sizzling sound!
Maggie gestures at you while chanting. The bolt of fire hits you!
Maggie points at you and mumbles some strange words.
The bolt of fire hits you!!
You cannot move away from Maggie!
You cannot move away from Maggie!
You cannot move away from Maggie!
You cannot move away from Maggie!
You break out of your daze!
You start resting.
Maggie is nearby!
Aiming: Polymorph
Press: ? - help, Shift-Dir - straight line, f - Maggie
Aim: Maggie, wielding a +0 scimitar of distortion and wearing +0 steam dragon scales (will become a scorpion, an iguana, or a steam dragon, chance to affect: 49%) Maggie resists with some effort.
Maggie casts a spell.
Maggie attempts to bespell you! You resist.
Hit: B) +2 whip (flame)
Press: ? - help, Dir - move target, p - Maggie Your weapon can't reach that far!
Okay, then.
Aiming: Polymorph
Press: ? - help, Shift-Dir - straight line, f/p - Maggie
Aim: Maggie, wielding a +0 scimitar of distortion and wearing +0 steam dragon scales (will become a scorpion, an iguana, or a steam dragon, chance to affect: 49%) Maggie resists with some effort.
Maggie casts a spell at you. The bolt of fire hits you!!
You die...

##.#.. #..... ......
#.....# .....
#.....##.....
#.......... .........##
.## #.##.##..# ##.##
.....#.@...#.## #.....
.......ยง...@..##...##..
.....)...###...#......#
.##....(.# #..........##
#.......###@..#........
....###..##......#......
..#. ##.###..........>..
..# #..................
##(................


You could see Maggie.

Vanquished Creatures
  Prince Ribbit (D:6)
  The ghost of kal9871 the Shooter, an amateur FoHu (D:4)
  A black bear (D:5)
  3 ogres
  An ice beast (D:6)
  Blork the orc (D:4)
  2 scorpions
  A jelly (D:4)
  3 hounds
  An orc priest (D:5)
  Ijyb (D:3)
  2 iguanas (D:5)
  3 orc wizards
  16 gnolls
  4 adders
  2 shadow imps
  5 dart slugs
  9 orcs
  3 ball pythons
  8 endoplasms
  A giant cockroach (D:1)
  15 goblins
  8 hobgoblins
  7 kobolds
  3 quokkas
  13 bats
  3 frilled lizards
  6 rats
124 creatures vanquished.

Notes
Turn   | Place    | Note
-------+----------+-------------------------------------------
     0 | D:1      | dsffdskdfgj the Hill Orc Monk began the quest for the Orb.
     0 | D:1      | Reached XP level 1. HP: 19/19 MP: 1/1
   106 | D:1      | Reached XP level 2. HP: 26/27 MP: 2/2
   165 | D:1      | Reached XP level 3. HP: 30/33 MP: 3/3
   989 | D:2      | Reached skill level 5 in Axes
  1050 | D:2      | Reached XP level 4. HP: 41/41 MP: 4/4
  1516 | D:3      | Reached skill level 1 in Armour
  1640 | D:3      | Reached XP level 5. HP: 47/47 MP: 5/5
  1716 | D:3      | Noticed Ijyb
  1745 | D:3      | Killed Ijyb
  1746 | D:3      | Reached skill level 6 in Axes
  2010 | D:3      | Found a faded altar of an unknown god.
  2167 | D:3      | Found a stormy altar of Qazlal.
  2317 | D:3      | Became a worshipper of Qazlal Stormbringer
  2317 | D:3      | Reached * piety under Qazlal
  2317 | D:3      | Reached ** piety under Qazlal
  2499 | D:4      | Noticed Blork the orc
  2513 | D:4      | Reached skill level 5 in Fighting
  2513 | D:4      | Reached XP level 6. HP: 56/56 MP: 6/6
  2515 | D:4      | Killed Blork the orc
  2517 | D:4      | Reached skill level 7 in Axes
  2670 | D:4      | Reached XP level 7. HP: 38/61 MP: 7/7
  3075 | D:4      | Found a runed translucent gate.
  3076 | D:4      | Found a runed translucent gate.
  3077 | D:4      | Found a runed translucent gate.
  3078 | D:4      | Noticed kal9871's ghost (amateur FoHu)
  3127 | D:4      | Killed kal9871's ghost
  3244 | D:5      | Entered Level 5 of the Dungeon
  3339 | D:5      | Reached skill level 8 in Axes
  3473 | D:5      | Found a hazy altar of Hepliaklqana.
  3551 | D:5      | Reached skill level 1 in Maces & Flails
  3551 | D:5      | Reached XP level 8. HP: 70/70 MP: 8/8
  3641 | D:5      | Found an ancient bone altar of Kikubaaqudgha.
  3964 | D:5      | Reached skill level 5 in Armour
  4479 | D:6      | Reached skill level 1 in Throwing
  4479 | D:6      | Reached skill level 1 in Shields
  4545 | D:6      | Noticed Prince Ribbit
  4566 | D:6      | Killed Prince Ribbit
  4601 | D:6      | Noticed Maggie
  4622 | D:6      | Killed from afar by Maggie

Illustrated notes

Levels and vault maps discovered:
D:1:      minmay_arrival_plants_in_alcoves, layout_rooms, nrook_uturn,
          minmay_ruptured
D:2:      layout_loops_ring
D:3:      kennysheep_the_goblin_king, layout_basic, grunt_qazlal_clouds,
          hellmonk_ecumenical_altar_run_dry, uniq_ijyb
D:4:      layout_basic, gammafunk_ghost_split, uniq_blork_the_orc
D:5:      layout_basic, mainiacjoe_overflow_catwalk, mainiacjoe_overflow_paths
D:6:      layout_cave_pools, ashenzari_conservatory_becter,
          nicolae_ru_sacrificial_ziggurat, mainiacjoe_overflow_alcove_2,
          kennysheep_generic_room_15, uniq_maggie, uniq_prince_ribbit1

Skill      XL: |  1  2  3  4  5  6  7  8 |
---------------+-------------------------+-----
Fighting       | 4 5 6 |  6.7
Axes           | 5 6 7 8 |  8.5
Dodging        | 3 |  3.4
Armour         | 1 2 3 4 5 |  5.7
Maces & Flails | 1 3 |  3.5
Throwing       | 1 |  1.8
Shields        | 1 |  1.9
Stealth        | |  0.5

Action                     |  1- 3 |  4- 6 |  7- 9 || total
---------------------------+-------+-------+-------++-------
  Melee: Hand axe          |   105 |    86 |     8 ||   199
         Whip              |       |       |    98 ||    98
  Throw: Javelin           |       |     4 |    11 ||    15
         Dart              |       |       |     6 ||     6
  Evoke: Wand              |       |       |     2 ||     2
    Use: Scroll            |       |     1 |     4 ||     5
         Potion            |       |       |     1 ||     1
 Armour: Chain mail        |    80 |    75 |    71 ||   226
         Robe              |     4 |       |       ||     4
  Dodge: Dodged            |    49 |    33 |    34 ||   116
  Block: Orb               |       |     3 |    17 ||    20

Table legend: (Time is in decaauts)
 A = Elapsed time spent in this place.
 B = Non-inter-level travel time spent in this place.
 C = Inter-level travel time spent in this place.
 D = Time resting spent in this place.
 E = Time spent auto-exploring this place.
 F = Levels seen in this place.
 G = Mean time per level.
                   A        B        C        D        E       F      G
               +--------+--------+--------+--------+--------+-----+--------+
         Total |   4623 |   4409 |    214 |    379 |   1937 |   6 |  770.5 |
       Dungeon |   4623 |   4409 |    214 |    379 |   1937 |   6 |  770.5 |
               +--------+--------+--------+--------+--------+-----+--------+

Top non-repeatable levels by time:
     D:5: 1172 daAuts
     D:3: 1003 daAuts
     D:2: 782 daAuts
     D:4: 741 daAuts
     D:1: 723 daAuts
     D:6: 200 daAuts
